 Dungeon Crawl Stone Soup version 0.29-a0-210-g9445043ebc (webtiles) character file.

Game seed: 474272639860378831

7590 Azmakalis the Tainter (level 11, -4/61 HPs)
             Began as an Octopode Venom Mage on Feb 24, 2022.
             Was a Priest of Vehumet.
             Slain by a freezing wraith (13 damage)
             ... led by a death knight
             ... on level 9 of the Dungeon.
             The game lasted 01:04:34 (13983 turns).

Azmakalis the Tainter (Octopode Venom Mage)        Turns: 13983, Time: 01:04:35

Health: -4/61      AC:  1    Str:  8    XL:     11   Next: 17%
Magic:  25/29      EV: 14    Int: 27    God:    Vehumet [***...]
Gold:   469        SH:  0    Dex: 19    Spells: 1/22 levels left

rFire   . . .      SeeInvis +   E - staff of death {rN+}
rCold   . . .      Faith    .   (no shield)
rNeg    + + .      Spirit   .   u - +0 hat
rPois   .          Reflect  .   R - amulet of regeneration
rElec   .          Harm     .   c - ring of magical power {MP+9}
rCorr   .          Rampage  .   W - ring of wizardry {Wiz+}
Will    +....                   k - ring of willpower
Stlth   +++.......              S - ring of see invisible
HPRegen 1.00/turn               N - ring of positive energy {rN+}
MPRegen 0.21/turn               A - +6 ring of dexterity
                                C - +6 ring of intelligence
                                (no ring)

@: no status effects
A: almost no armour, amphibious, 8 rings, camouflage 1, gelatinous body 1,
(nimble swimmer 1), tentacles
a: Renounce Religion


You were on level 9 of the Dungeon.
You worshipped Vehumet.
Vehumet was most pleased with you.
You visited 2 branches of the dungeon, and saw 11 of its levels.

You collected 613 gold pieces.
You spent 144 gold pieces at shops.

Inventory:

Missiles
 Q - 206 stones (quivered)
Armour
 l - a +1 robe of the Archmagi
 u - a +0 hat (worn)
Magical Staves
 E - a staff of death (weapon) {rN+}
Jewellery
 c - a ring of magical power (left tentacle) {MP+9}
 k - a ring of willpower (on tentacle)
 s - an amulet of reflection
 y - a ring of ice {rC+, rF-}
 A - a +6 ring of dexterity (on tentacle)
 C - a +6 ring of intelligence (on tentacle)
 G - an amulet of guardian spirit {Spirit}
 N - a ring of positive energy (on tentacle) {rN+}
 R - an amulet of regeneration (around mantle)
 S - a ring of see invisible (on tentacle)
 W - a ring of wizardry (right tentacle) {Wiz+}
Wands
 b - a wand of iceblast (4)
 D - a wand of digging (1)
 F - a wand of flame (5)
Scrolls
 d - 2 scrolls of brand weapon
 f - 2 scrolls of magic mapping {unknown}
 j - a scroll of immolation {unknown}
 p - a scroll of enchant armour {unknown}
 q - 2 scrolls of silence
 r - 2 scrolls of enchant weapon
 t - 4 scrolls of teleportation
 z - 3 scrolls of fog {unknown}
 B - 2 scrolls of blinking {!r}
Potions
 a - 2 potions of mutation {unknown}
 e - 2 potions of heal wounds {unknown}
 g - 6 potions of curing
 h - 2 potions of invisibility {unknown}
 i - a potion of haste
 m - a potion of degeneration {unknown}
 n - 2 potions of attraction {!q}
 o - a potion of brilliance {unknown}
 v - 2 potions of ambrosia {unknown}
 w - 2 potions of lignification {!q}
 x - 2 potions of might {unknown}
 H - a potion of cancellation {unknown}
Miscellaneous
 I - a phial of floods (inert)


   Skills:
 - Level 2.9 Dodging
 - Level 2.6 Stealth
 + Level 6.2 Spellcasting
 - Level 10.0 Conjurations
 * Level 3.4 Hexes
 - Level 8.0 Necromancy
 - Level 1.0 Transmutations
 - Level 10.0 Poison Magic


You had one spell level left.
You knew the following spells:

 Your Spells              Type           Power      Damage    Failure   Level
a - Sting                 Tmut/Pois      100%       1d8       1%          1
b - Magic Dart            Conj           100%       1d8       1%          1
c - Poisonous Vapours     Pois/Air       70%        N/A       1%          2
d - Searing Ray           Conj           100%       2d8       1%          2
e - Vampiric Draining     Necr           67%        2d10      1%          3
f - Olgreb's Toxic Radia  Pois           58%        N/A       1%          4
g - Tukima's Dance        Hex            27%        N/A       1%          3
w - Passwall              Tmut/Erth      9%         N/A       3%          2
x - Mephitic Cloud        Conj/Pois/Air  44%        N/A       1%          3

Your spell library contained the following spells:

 Spells                   Type           Power      Damage    Failure   Level
 Inner Flame              Hex/Fire       17%        N/A       1%          3
 Animate Skeleton         Necr           100%       N/A       1%          1
 Pain                     Necr           100%       1d9       1%          1
 Sandblast                Erth           16%        2d6       1%          1
 Slow                     Hex            100%       N/A       1%          1
 Confusing Touch          Hex            27%        N/A       1%          3
 Dazzling Flash           Conj/Hex       90%        N/A       1%          3
 Stone Arrow              Conj/Erth      70%        3d11      1%          3
 Fulminant Prism          Conj/Hex       22%        3d13      1%          4
 Agony                    Necr           67%        N/A       2%          5
 Lightning Bolt           Conj/Air       17%        1d32      2%          5
 Ozocubu's Armour         Ice            8%         N/A       8%          3
 Airstrike                Air            4%         N/A       8%          4
 Yara's Violent Unravell  Hex/Tmut       10%        3d6       8%          5
 Passage of Golubria      Tloc           8%         N/A       26%         4
 Summon Lightning Spire   Summ/Air       8%         N/A       26%         4
 Metabolic Englaciation   Hex/Ice        8%         N/A       32%         5
 Silence                  Hex/Air        8%         N/A       32%         5
 Simulacrum               Ice/Necr       22%        N/A       56%         6
 Lehudib's Crystal Spear  Conj/Erth      17%        10d5      98%         8


Dungeon Overview and Level Annotations

Branches:
Dungeon (10/15)            Temple (1/1) D:4             Orc (0/2) D:9
   Lair: D:8-11

Altars:
Ashenzari
Cheibriados
Dithmenos
Elyvilon
Fedhas
Gozag
Hepliaklqana
Kikubaaqudgha
Makhleb
Nemelex Xobeh
Okawaru
Qazlal
Ru
Sif Muna
Trog
Vehumet
Wu Jian
Xom
Yredelemnul
Zin
The Shining One

Shops:
D:6 [   D:8 *

Annotations:
D:8 2 transporters, Stonecrops's ghost, novice OpCj


Innate Abilities, Weirdness & Mutations

You cannot wear most types of armour.
You are amphibious.
You can wear up to eight rings at the same time.
Your skin changes colour to match your surroundings (Stealth+).
Your rubbery body absorbs attacks. (AC +1, EV +1)
((You are camouflaged when in or above water. (Stealth+)))
You have tentacles for arms and can constrict up to eight enemies at once.


Message History

You take 17 damage, and have 44/61 hp.
MASSIVE DAMAGE!!
You now have 24/29 mp.
Unknown command.
Okay, then.
Okay, then.
Okay, then.
Aim: a freezing wraith (moderately damaged, 68% to hit)
The puff of flame hits the freezing wraith!
The freezing wraith is burned terribly!
The freezing wraith hits you. The freezing wraith freezes you!
The freezing wraith misses you.
You take 12 damage, and have 45/61 hp.
Unknown command.
MP restored: 29
Aim: a freezing wraith (moderately damaged, 68% to hit)
The puff of flame misses the freezing wraith.
The freezing wraith hits you! The freezing wraith freezes you!!
* * * LOW HITPOINT WARNING * * *
The freezing wraith misses you.
You take 26 damage, and have 29/61 hp.
MASSIVE DAMAGE!!
Aim: a freezing wraith (lightly damaged, 83% to hit)
The searing ray hits the freezing wraith. (Press . to maintain the ray.)
The freezing wraith hits you! The freezing wraith freezes you!
The freezing wraith misses you.
You take 17 damage, and have 41/61 hp.
MASSIVE DAMAGE!!
You now have 27/29 mp.
Unknown command.
The searing ray hits the freezing wraith!
The freezing wraith misses you. The freezing wraith closely misses you.
You now have 26/29 mp.
The searing ray hits the freezing wraith but does no damage.
The freezing wraith hits you!
* * * LOW HITPOINT WARNING * * *
The freezing wraith freezes you!!
* * * LOW HITPOINT WARNING * * *
The freezing wraith hits you!
You die...

# #..# #...# ####..# #...# ##
......#################...# #.
..........................######.
............#######...[..........
.............######.......#######
.......[..............###)#
...........≈≈≈≈W.≈≈≈≈.# #.#
...........≈≈≈≈≈@≈≈≈≈.# #.#######
...........≈≈≈≈≈.≈≈≈≈.# #........
...........≈≈≈≈≈.≈≈≈≈.###........
.....)...........≈≈≈≈............
...........≈≈≈≈.........#########
#.#####....≈≈≈≈.≈≈≈≈≈.### #.#
#....≈≈≈≈.≈≈≈≈≈.# #.#
#....≈≈≈≈.≈≈≈≈≈.# #.#
#....≈≈≈≈.≈≈≈≈≈.#


You could see a freezing wraith.

Levels and vault maps discovered:
D:1:      dpeg_arrival_ternary, layout_loops_ring, minmay_misc_feat_room
D:2:      layout_basic
D:3:      layout_loops_ring, mainiacjoe_overflow_concentric_impassable,
          shapermc_ecumenical_altar_hornbeckon
D:4:      layout_basic, nicolae_overflow_hidden_temple,
          minmay_temple_entry_enclosed_plants
D:5:      layout_gridville
D:6:      layout_rooms, serial_shops, nicolae_shop_crystal, minivault_1,
          kennysheep_generic_room_11, uniq_menkaure
D:7:      layout_basic, supply_closet_lemuel
D:8:      old_forge, layout_loops_ring, nicolae_elyvilon_temple_path,
          grunt_temple_overflow_open, gammafunk_ghost_arena, serial_shops, shop
D:9:      layout_small_grid, orc_0_dummy, minivault_14
D:10:     layout_long_grid, lemuel_doored_altar, minmay_misc_feat_tiny,
          worms_lemuel
Temple:   regret_index_temple_generic_petals

Notes
Turn   | Place    | Note
-------+----------+-------------------------------------------
     0 | D:1      | Azmakalis the Octopode Venom Mage began the quest for the
                  | Orb.
     0 | D:1      | Reached XP level 1. HP: 11/11 MP: 3/3
    32 | D:1      | Identified a +0 dagger
    53 | D:1      | Reached skill level 4 in Poison Magic
   126 | D:1      | Identified a ring of magical power
   289 | D:1      | Identified a ring of wizardry
   314 | D:1      | Learned a level 1 spell: Magic Dart
   342 | D:1      | Reached XP level 2. HP: 17/17 MP: 5/5
   345 | D:1      | Learned a level 2 spell: Poisonous Vapours
   397 | D:1      | Identified a +0 whip
   434 | D:1      | Reached skill level 1 in Conjurations
   499 | D:1      | Identified a +0 whip
   875 | D:1      | Identified a +0 dagger
   880 | D:1      | Reached XP level 3. HP: 21/21 MP: 6/6
  1436 | D:2      | Identified a +0 club
  1441 | D:2      | Reached skill level 2 in Conjurations
  1444 | D:2      | Learned a level 2 spell: Searing Ray
  1475 | D:2      | Identified a +0 club
  1991 | D:2      | Reached XP level 4. HP: 27/27 MP: 7/7
  2151 | D:2      | Identified a ring of willpower
  2173 | D:2      | Identified a +1 robe of the Archmagi
  2199 | D:2      | Identified a +0 short sword
  2225 | D:2      | Identified a +0 club
  2225 | D:2      | Identified a +0 hunting sling
  2287 | D:2      | Reached skill level 3 in Conjurations
  2604 | D:2      | Identified 4 scrolls of identify
  2604 | D:2      | Identified 3 potions of curing
  2605 | D:2      | Identified 2 scrolls of blinking
  2606 | D:2      | Identified 2 scrolls of brand weapon
  2607 | D:2      | Identified 2 scrolls of teleportation
  2716 | D:3      | Identified a +0 dagger
  2740 | D:3      | Identified a +0 club
  2867 | D:3      | Identified a +0 ring mail
  2985 | D:3      | Found a radiant altar of Vehumet.
  3000 | D:3      | Reached skill level 5 in Poison Magic
  3106 | D:3      | Reached XP level 5. HP: 22/31 MP: 7/8
  3363 | D:3      | Identified a ring of see invisible
  3489 | D:3      | Found a faded altar of an unknown god.
  3589 | D:3      | Became a worshipper of Vehumet
  3687 | D:4      | Identified a +0 club
  3687 | D:4      | Identified a +0 spear
  3687 | D:4      | Identified a +0 vampiric whip
  3766 | D:4      | Found a staircase to the Ecumenical Temple.
  3776 | Temple   | Entered the Ecumenical Temple
  4023 | D:4      | Identified a +0 short sword
  4025 | D:4      | Identified a +0 club
  4085 | D:4      | Identified a +0 ring mail
  4131 | D:4      | Identified a +4 mace
  4131 | D:4      | Identified a +0 chain mail
  4131 | D:4      | Identified a +0 hand axe
  4131 | D:4      | Identified a +0 leather armour
  4133 | D:4      | Identified a +0 dagger
  4133 | D:4      | Identified a +0 robe
  4160 | D:4      | Identified a +1 hand axe of draining
  4183 | D:4      | Reached skill level 4 in Conjurations
  4326 | D:4      | Identified a +0 dagger
  4652 | D:4      | Found a sparkling altar of Nemelex Xobeh.
  4957 | D:5      | Entered Level 5 of the Dungeon
  4959 | D:5      | Identified a +0 club
  4959 | D:5      | Identified a +0 leather armour
  4961 | D:5      | Identified a +0 dagger
  4961 | D:5      | Identified a +0 leather armour
  4964 | D:5      | Identified a +0 short sword
  4966 | D:5      | Reached XP level 6. HP: 36/36 MP: 9/9
  4967 | D:5      | Identified a +0 flail
  4975 | D:5      | Identified a +0 trident
  5090 | D:5      | Identified a +0 dire flail
  5090 | D:5      | Identified a +0 chain mail
  5090 | D:5      | Noticed an orc warrior
  5090 | D:5      | Identified a +0 dagger
  5090 | D:5      | Identified a +0 robe
  5090 | D:5      | Identified a +0 club
  5090 | D:5      | Identified a +0 chain mail
  5090 | D:5      | Identified a +6 flail
  5430 | D:5      | Identified a +0 halberd
  5444 | D:5      | Reached skill level 5 in Conjurations
  5445 | D:5      | Identified a +0 whip of draining
  5445 | D:5      | Identified a +0 spear
  5461 | D:5      | Reached skill level 6 in Poison Magic
  5511 | D:5      | Learned a level 3 spell: Mephitic Cloud
  5550 | D:5      | Identified a +0 halberd
  5990 | D:5      | Identified a +0 giant spiked club
  6008 | D:5      | Reached skill level 3 in Spellcasting
  6008 | D:5      | Reached XP level 7. HP: 41/41 MP: 12/12
  6012 | D:5      | Learned a level 3 spell: Vampiric Draining
  6179 | D:5      | Reached skill level 1 in Necromancy
  6211 | D:5      | Reached * piety under Vehumet
  6211 | D:5      | Offered knowledge of Freeze by Vehumet.
  6219 | D:5      | Reached skill level 2 in Necromancy
  6437 | D:6      | Identified a +0 giant spiked club
  6459 | D:6      | Reached skill level 4 in Spellcasting
  6459 | D:6      | Reached skill level 3 in Necromancy
  6463 | D:6      | Identified 2 potions of attraction
  6528 | D:6      | Identified a +0 shortbow
  6618 | D:6      | Reached XP level 8. HP: 35/46 MP: 14/14
  6655 | D:6      | Reached skill level 4 in Necromancy
  6683 | D:6      | Identified a +0 hand axe
  6683 | D:6      | Identified a +0 scale mail
  6686 | D:6      | Identified a +0 spear
  6686 | D:6      | Identified a +0 club
  6686 | D:6      | Identified a +0 chain mail
  6687 | D:6      | Identified a +0 club
  6687 | D:6      | Identified a +0 leather armour
  6687 | D:6      | Identified a +0 club
  6687 | D:6      | Identified a +0 leather armour
  6691 | D:6      | Identified a +0 hand axe
  6973 | D:6      | Identified 2 scrolls of enchant weapon
  7033 | D:6      | Identified a +0 giant club
  7040 | D:6      | Identified a +0 giant club
  7074 | D:6      | Reached skill level 5 in Necromancy
  7265 | D:6      | Reached skill level 5 in Spellcasting
  7270 | D:6      | Learned a level 4 spell: Olgreb's Toxic Radiance
  7341 | D:6      | Identified a +0 rapier
  7409 | D:6      | Identified a +0 club
  7529 | D:6      | Noticed Menkaure
  7581 | D:6      | Killed Menkaure
  7582 | D:6      | Found Veoralla's Armour Emporium.
  7636 | D:7      | Identified a +0 mace
  7636 | D:7      | Identified a +0 robe
  7636 | D:7      | Identified a +0 long sword
  7636 | D:7      | Identified a +0 robe
  7636 | D:7      | Identified a +0 spear
  7636 | D:7      | Identified a +0 robe
  7636 | D:7      | Identified a +0 hand axe
  7636 | D:7      | Identified a +0 robe
  7688 | D:6      | HP: 9/46 [sky beast (5)]
  7745 | D:6      | HP: 9/46 [sky beast (6)]
  8024 | D:6      | Reached skill level 7 in Poison Magic
  8116 | D:7      | Identified a scroll of vulnerability
  8139 | D:7      | Identified an amulet of guardian spirit
  8160 | D:7      | Reached skill level 6 in Conjurations
  8160 | D:7      | Reached XP level 9. HP: 44/51 MP: 16/16
  8519 | D:7      | Reached skill level 8 in Poison Magic
  8556 | D:7      | Identified a ring of positive energy
  8711 | D:7      | Identified a +0 ring mail
  8837 | D:7      | Reached skill level 7 in Conjurations
  8839 | D:7      | Identified a +0 hat
  8942 | D:7      | Identified a +0 quarterstaff
  9004 | D:7      | Identified a +0 spear
  9070 | D:8      | Found a white marble altar of Elyvilon.
  9070 | D:8      | Identified a +0 dagger
  9070 | D:8      | Identified a +0 chain mail
  9071 | D:8      | Identified a +0 trident
  9071 | D:8      | Identified a +3 leather armour
  9075 | D:8      | Identified a +0 club
  9075 | D:8      | Identified a +0 leather armour
  9076 | D:8      | Identified a +0 war axe
  9077 | D:8      | Identified a +0 shortbow
  9078 | D:8      | Identified a +0 glaive
  9078 | D:8      | Identified a +0 chain mail
  9078 | D:8      | Identified a +0 whip
  9092 | D:8      | Reached skill level 9 in Poison Magic
  9124 | D:8      | Identified a +0 glaive
  9129 | D:8      | Identified a +0 hand axe
  9131 | D:8      | Identified a +0 dagger
  9131 | D:8      | Identified a +0 ring mail
  9143 | D:8      | Offered knowledge of Foxfire by Vehumet.
  9157 | D:8      | Identified a +0 short sword
  9163 | D:8      | Reached ** piety under Vehumet
  9171 | D:8      | Identified a +0 short sword
  9171 | D:8      | Identified a +0 scale mail
  9488 | D:8      | Identified 2 scrolls of silence
  9505 | D:8      | Found a glowing silver altar of Zin.
  9549 | D:8      | Identified a +0 mace
  9774 | D:8      | Reached skill level 8 in Conjurations
  9843 | D:8      | Identified a +0 leather armour
  9850 | D:8      | Identified an amulet of reflection
  9944 | D:8      | Found an ancient bone altar of Kikubaaqudgha.
  9949 | D:8      | Noticed a troll
  9962 | D:8      | Killed a troll
 10040 | D:8      | Reached skill level 10 in Poison Magic
 10048 | D:8      | Reached XP level 10. HP: 41/56 MP: 17/17
 10150 | D:8      | Identified a ring of ice
 10214 | D:8      | Identified a -2 war axe
 10214 | D:8      | Identified a -3 long sword
 10214 | D:8      | Identified a -3 short sword
 10214 | D:8      | Identified a -3 eveningstar
 10298 | D:8      | Identified a +0 long sword
 10364 | D:8      | Found a transporter.
 10366 | D:8      | Found a transporter.
 10366 | D:8      | Identified a +0 giant club
 10366 | D:8      | Identified a +0 giant club
 10366 | D:8      | Noticed a two-headed ogre
 10366 | D:8      | Noticed Stonecrops's ghost (novice OpCj)
 10370 | D:8      | Identified a +0 flail
 10370 | D:8      | Identified a +0 dagger
 10370 | D:8      | Identified a +0 robe
 10375 | D:8      | Identified a +6 ring of dexterity
 10396 | D:8      | Identified a +6 ring of intelligence
 10436 | D:8      | Identified a +0 plate armour
 10460 | D:8      | Identified a +0 dagger
 10460 | D:8      | Identified a +0 robe
 10460 | D:8      | Identified a +0 dagger
 10460 | D:8      | Identified a +0 robe
 10460 | D:8      | Identified a +4 flail
 10464 | D:8      | Offered knowledge of Inner Flame by Vehumet.
 10465 | D:8      | Identified a +0 club
 10471 | D:8      | Identified a +0 trident
 10541 | D:8      | Found Wial's General Store.
 10549 | D:8      | Bought a scroll of identify for 24 gold pieces
 10549 | D:8      | Identified 2 potions of lignification
 10550 | D:8      | Bought a potion of haste for 120 gold pieces
 10668 | D:9      | Identified a +0 longbow
 10668 | D:9      | Noticed a centaur warrior
 10841 | D:9      | Identified a +0 glaive
 10841 | D:9      | Identified a +1 chain mail of fire resistance
 10841 | D:9      | Noticed a death knight
 10849 | D:9      | Reached skill level 6 in Necromancy
 10896 | D:9      | Identified a +0 ring mail
 11234 | D:9      | Reached skill level 9 in Conjurations
 11555 | D:9      | Identified a +0 shortbow
 11814 | D:9      | Identified a +0 hand axe
 11814 | D:9      | Identified a +0 leather armour
 11816 | D:9      | Identified a +0 dire flail
 11816 | D:9      | Identified a +0 chain mail
 11816 | D:9      | Identified a +0 mace
 11816 | D:9      | Identified a +0 short sword
 11816 | D:9      | Identified a +0 ring mail
 11817 | D:9      | Identified a +0 dagger
 11817 | D:9      | Identified a +0 chain mail
 12063 | D:9      | Identified an amulet of regeneration
 12161 | D:9      | Killed a centaur warrior
 12162 | D:9      | Reached skill level 7 in Necromancy
 12328 | D:9      | Identified a +0 shortbow
 12440 | D:9      | Found a staircase to the Orcish Mines.
 12663 | D:10     | Entered Level 10 of the Dungeon
 12671 | D:10     | Identified a +0 falchion
 12671 | D:10     | Identified a +0 ring mail
 12675 | D:10     | Identified a +3 flail
 12675 | D:10     | Identified a +0 leather armour
 12687 | D:10     | Identified a +0 short sword of venom
 12687 | D:10     | Identified a +0 leather armour
 12691 | D:10     | Identified a +0 flail
 12691 | D:10     | Identified a +0 chain mail
 12699 | D:10     | Reached *** piety under Vehumet
 12750 | D:10     | Found a hazy altar of Hepliaklqana.
 12874 | D:10     | Identified a +0 giant club
 12874 | D:10     | Identified a +0 giant club
 12874 | D:10     | Noticed a two-headed ogre
 12887 | D:10     | Killed a two-headed ogre
 12888 | D:10     | Reached skill level 10 in Conjurations
 13095 | D:10     | Reached skill level 8 in Necromancy
 13192 | D:10     | Identified a +0 club
 13321 | D:10     | Identified the +0 leather armour "Alekeaq" {+Inv rN+ rCorr
                  | Str-3}
 13328 | D:10     | Reached XP level 11. HP: 61/61 MP: 11/19
 13332 | D:10     | Learned a level 3 spell: Tukima's Dance
 13480 | D:10     | Identified a +0 ring mail
 13514 | D:10     | Reached skill level 1 in Hexes
 13567 | D:10     | Learned a level 2 spell: Passwall
 13674 | D:9      | Reached skill level 6 in Spellcasting
 13674 | D:9      | Reached skill level 2 in Hexes
 13888 | D:9      | Killed a death knight
 13889 | D:9      | Reached skill level 3 in Hexes
 13983 | D:9      | HP: 9/61 [freezing wraith[a death knight] (19)]
 13983 | D:9      | Slain by a freezing wraith

Table legend: (Time is in decaauts)
 A = Elapsed time spent in this place.
 B = Non-inter-level travel time spent in this place.
 C = Inter-level travel time spent in this place.
 D = Time resting spent in this place.
 E = Time spent auto-exploring this place.
 F = Levels seen in this place.
 G = Mean time per level.
                   A        B        C        D        E       F      G
               +--------+--------+--------+--------+--------+-----+--------+
         Total |  14002 |  13316 |    686 |   1772 |   8979 |  11 | 1272.9 |
       Dungeon |  13806 |  13133 |    673 |   1772 |   8805 |  10 | 1380.6 |
        Temple |    195 |    182 |     13 |      0 |    174 |   1 |  195.0 |
               +--------+--------+--------+--------+--------+-----+--------+

Top non-repeatable levels by time:
     D:9: 2236 daAuts
     D:8: 1727 daAuts
     D:5: 1688 daAuts
     D:2: 1309 daAuts
     D:1: 1297 daAuts
     D:6: 1258 daAuts
     D:7: 1161 daAuts
     D:4: 1141 daAuts
     D:3: 1011 daAuts
    D:10: 975 daAuts
  Temple: 195 daAuts

Table legend:
 A = Kills in this place as a percentage of kills in entire the game.
 B = Kills by you in this place as a percentage of kills by you in the entire game.
 C = Kills by friends in this place as a percentage of kills by friends in the entire game.
 D = Other kills in this place as a percentage of other kills in the entire game.
 E = Experience gained in this place as a percentage of experience gained in the entire game.
 F = Experience gained in this place divided by the number of levels of this place that you have seen.
                   A       B       C       D       E      F
               +-------+-------+-------+-------+-------+----------------------
         Total | 100.0 | 100.0 |   N/A | 100.0 | 100.0 | 985.8
       Dungeon | 100.0 | 100.0 |   N/A | 100.0 | 100.0 | 1084.4
               +-------+-------+-------+-------+-------+----------------------

Skill      XL: |  1  2  3  4  5  6  7  8  9 10 11 |
---------------+----------------------------------+-----
Poison Magic   | 4 5 6 7 10 | 10.0
Conjurations   | 1 2 3 4 5 6 8 10 | 10.0
Spellcasting   | 3 4 5 6 |  6.2
Necromancy     | 3 5 8 |  8.0
Hexes          | 3 |  3.4
Dodging        | |  2.9
Stealth        | |  2.6
Transmutations | |  1.0

Action                   |  1- 3 |  4- 6 |  7- 9 | 10-12 || total
-------------------------+-------+-------+-------+-------++-------
Melee: Tentacles         |    10 |     6 |     1 |     8 ||    25
       Unarmed           |     1 |       |       |       ||     1
       Dagger            |    41 |    19 |       |       ||    60
       Constrict         |    12 |     9 |     2 |     5 ||    28
       Punch             |     1 |     1 |       |     1 ||     3
       Whip              |       |    10 |     6 |       ||    16
       Hand axe          |       |    10 |       |       ||    10
       Staff             |       |       |     3 |    26 ||    29
 Cast: Magic Dart        |    17 |    24 |    25 |    24 ||    90
       Sting             |     3 |       |       |       ||     3
       Poisonous Vapours |    32 |    67 |    64 |    28 ||   191
       Searing Ray       |       |     7 |    40 |    26 ||    73
       Mephitic Cloud    |       |       |     6 |     4 ||    10
       Vampiric Draining |       |       |     5 |     8 ||    13
       Olgreb's Toxic Ra |       |       |     1 |    23 ||    24
Evoke: Wand              |       |       |     1 |     4 ||     5
       Phial of floods   |       |       |       |     1 ||     1
  Use: Scroll            |       |     4 |     4 |     5 ||    13
Armor: Skin              |     6 |     3 |     2 |     4 ||    15
Dodge: Dodged            |    23 |    23 |    35 |    54 ||   135
Block: Other             |       |       |       |     8 ||     8

Vanquished Creatures
  A centaur warrior (D:9)
  A two-headed ogre (D:10)
  A death knight (D:9)
  A tyrant leech (D:10)
  A troll (D:8)
  A hornet (D:10)
  3 wraiths (D:9)
  2 wyverns
  Menkaure (D:6)
  A steam dragon (D:8)
  3 swamp worms (D:10)
  An acid dragon (D:10)
  A water moccasin (D:7)
  A hornet zombie (D:8)
  3 orc warriors
  2 sky beasts
  2 ice beasts
  3 centaurs
  4 ogres
  A phantom (D:5)
  3 bullfrogs
  7 scorpions
  8 killer bees
  4 wights (D:7)
  2 electric eels (D:9)
  3 howler monkeys (D:8)
  2 jellies
  3 hounds
  2 centaur zombies
  10 orc priests
  2 iguanas
  4 orc wizards
  7 gnolls
  3 howler monkey zombies
  9 adders
  A shadow imp (D:7)
  A white imp (D:6)
  An ufetubus (D:5)
  3 worms
  2 dart slugs
  27 orcs
  13 bats
  5 endoplasms
  3 giant cockroaches
  6 goblins
  6 hobgoblins
  8 jackals
  6 kobolds
  4 quokkas
  7 ball pythons
  4 frilled lizards
  3 rats
203 creatures vanquished.

Vanquished Creatures (others)
  A killer bee (D:7)
  8 fungi (D:8)
  10 plants
19 creatures vanquished.

Grand Total: 222 creatures vanquished
